 Dungeon Crawl Stone Soup version 0.31.0-4-g52a2dc7128 (webtiles) character file.

Game seed: 12650817144432422044

86 Xavori the Slasher (level 4, 34/35 HPs)
             Began as a Djinni Chaos Knight on Jan 22, 2024.
             Was a Plaything of Xom.
             Quit the game on level 3 of the Dungeon.
             The game lasted 00:02:00 (10197 turns).

Xavori the Slasher (Djinni Chaos Knight)           Turns: 10197, Time: 00:02:00

Health: 34/35      AC:  8    Str: 10    XL:     4   Next: 78%
Gold:   240        EV: 12    Int: 13    God:    Xom [....*.] SH:  0 Dex: 18

rFire   + + .        a - +0 falchion (chaos)
rCold   x . .        (no shield)
rNeg    . . .        b - +2 leather armour
rPois   ∞            l - +1 hat {Stlth+}
rElec   .            (no cloak)
rCorr   .            (no gloves)
SInv    .            (boots unavailable)
Will    +....        (no amulet)
Stlth   ++           d - ring of willpower
HPRegen 0.25/turn    (no ring)
MPRegen 0.00/turn

%: random rage (3%)
@: flying
A: sickness immunity, fire resistance 2, cold vulnerability 1, float, innate
caster, HP casting, extra vitality 1, horns 1, iridescent scales 1, agile 1,
berserk 1, devolution 1
a: Renounce Religion


You were on level 3 of the Dungeon.
You worshipped Xom.
You were a beloved toy of Xom.
You visited 1 branch of the dungeon, and saw 3 of its levels.

You collected 240 gold pieces.

Inventory:

Hand Weapons
 a - a +0 falchion of chaos (weapon)
Armour
 b - a +2 leather armour (worn)
 l - a +1 hat of stealth (worn)
Jewellery
 d - a ring of willpower (left hand)
Scrolls
 c - a scroll of butterflies
 f - a scroll of revelation {unknown}
 g - 4 scrolls of identify {unknown}
 h - 2 scrolls of teleportation {unknown}
 j - a scroll of blinking {unknown}
 k - a scroll of silence {unknown}
 m - 2 scrolls of poison {unknown}
 n - a scroll of noise {unknown}
Potions
 e - 3 potions of curing {unknown}
 i - 2 potions of degeneration {unknown}
 o - 2 potions of might {unknown}
 p - a potion of mutation {unknown}


   Skills:
 + Level 3.3 Fighting
 + Level 3.4 Long Blades
 + Level 2.1 Armour
 + Level 2.5 Dodging
 * Level 0.7 Spellcasting
 * Level 0.7 Conjurations
 * Level 0.7 Hexes
 * Level 0.7 Summonings
 * Level 0.7 Necromancy
 * Level 0.7 Translocations
 * Level 0.7 Fire Magic
 * Level 0.7 Ice Magic
 * Level 0.7 Air Magic
 * Level 0.7 Earth Magic
 * Level 0.7 Alchemy


You knew the following spells:

 Your Spells              Type           Power      Damage    Failure   Level
a - Freeze                Ice            8%         1d3       28%         1
Your spell library was empty.

Dungeon Overview and Level Annotations

Branches:
Dungeon (3/15)

Altars:


Innate Abilities, Weirdness & Mutations

You are immune to sickness and miasma.
You are immune to poison.
Your flesh is very heat resistant. (rF++)
You are vulnerable to cold. (rC-)
You float through the air rather than walking.
You learn spells naturally, not from books.
Your magical power is your life essence.
You have superior vitality. (+4 MHP)
You have a pair of small horns on your head.
You are partially covered in iridescent scales. (AC +2)
You are agile. (Dex +4, Str/Int -1)
You sometimes lose your temper in combat.
You have hidden genetic defects.


Message History

The endoplasm hits you but does no damage.
You slash the endoplasm! You freeze the endoplasm.
You kill the endoplasm!
Key pressed, stopping explore.
No target in view!
Key pressed, stopping explore.
No target in view!
No target in view!
g - 4 scrolls labelled IGOVOD ACREHYOGU (gained 1)
Found a whip.
No target in view!
You see here a +0 whip.
A frilled lizard comes into view.
A frilled lizard is nearby!
A frilled lizard is nearby!
Found 13 gold pieces.
A frilled lizard is nearby!
The helpless frilled lizard fails to defend itself.
You hit the frilled lizard.
The frilled lizard is heavily wounded.
The frilled lizard barely misses you.
A frilled lizard is nearby!
You hit the frilled lizard but do no damage.
The frilled lizard seems to speed up.
Your headbutt misses the frilled lizard.
The frilled lizard is heavily wounded.
The frilled lizard closely misses you.
The frilled lizard bites you but does no damage.
You miss the frilled lizard.
Your headbutt misses the frilled lizard.
The frilled lizard is heavily wounded.
The frilled lizard bites you.
The frilled lizard bites you but does no damage.
A frilled lizard is nearby!
A frilled lizard is nearby!
You hit the frilled lizard.
You kill the frilled lizard!
No target in view!
No target in view!
Are you sure you want to abandon this character and quit the game? (Confirm with "yes".)

..# ############ ..##
....<....... ... ..#.######## .$#
# #...# .. #. ##.######### .#. #.
#..........#####.#.##.###
##..#######.....@.........
......# #..####†.......# ##..#.#
#.)# ##.##.#.# ##..#.# #..#
#.#....# #.### ##..#.#####..#
#......# #.... ##...........#
#......########
..###.#.####.######.............#
..# #...............#....######.#
..# ###############.####.# #..


There were no monsters in sight!

Vanquished Creatures
  Natasha (D:2)
  An adder (D:3)
  A dart slug (D:1)
  A ribbon worm (D:3)
  2 bats
  4 endoplasms
  A giant cockroach (D:1)
  7 goblins
  5 hobgoblins
  4 jackals (D:3)
  2 quokkas
  5 ball pythons
  3 frilled lizards
  4 kobolds
  4 rats
45 creatures vanquished.

Notes
Turn   | Place    | Note
-------+----------+-------------------------------------------
     0 | D:1      | Xavori the Djinni Chaos Knight began the quest for the Orb.
     0 | D:1      | Reached XP level 1. HP: 20/20 MP: 0/0
    41 | D:1      | XOM: butterfly on damage
   132 | D:1      | XOM: divination: detect creatures
   153 | D:1      | XOM: silly message
   158 | D:1      | Reached XP level 2. HP: 23/25 MP: 0/0
   501 | D:1      | XOM: silly message
   533 | D:1      | Found a faded altar of an unknown god.
   658 | D:1      | Reached XP level 3. HP: 30/30 MP: 0/0
   658 | D:1      | Learned a level 1 spell: Freeze
   749 | D:1      | XOM: torment (16/30 hp)
  1084 | D:1      | XOM: scenery: 1 doors close
  1356 | D:1      | XOM: summons 2 hostile demons
  1357 | D:1      | Noticed a chaos spawn
  1632 | D:1      | XOM: give mutations
  1632 | D:1      | Gained mutation: You are agile. (Dex +4, Str/Int -1) [Xom's
                  | mischief]
  1632 | D:1      | Gained mutation: You are dopey. (Int -2) [Xom's mischief]
  1632 | D:1      | Gained mutation: You have a pair of small horns on your
                  | head. [Xom's mischief]
  2623 | D:1      | XOM: give mutations
  2623 | D:1      | Gained mutation: Armour fits poorly on your strangely
                  | shaped body. [Xom's mischief]
  2623 | D:1      | Lost mutation: You are dopey. (Int -2) [Xom's mischief]
  2952 | D:1      | XOM: give mutations
  2952 | D:1      | Lost mutation: You have a pair of small horns on your head.
                  | [Xom's mischief]
  2952 | D:1      | Gained mutation: You have a pair of small horns on your
                  | head. [Xom's mischief]
  2952 | D:1      | Gained mutation: You are partially covered in iridescent
                  | scales. (AC +2) [Xom's mischief]
  3007 | D:1      | XOM: summons 2 hostile demons
  3285 | D:2      | Noticed Natasha
  3292 | D:2      | Killed Natasha
  3293 | D:2      | Reached XP level 4. HP: 35/35 MP: 0/0
  3518 | D:2      | XOM is BORED!
  3518 | D:2      | XOM: summons 3 hostile demons
  3519 | D:2      | Noticed a ynoxinul
  3523 | D:2      | HP: 1/35 [ynoxinul/iron shot[Xom] (34)]
  3712 | D:2      | XOM: scenery: 1 doors close
  4106 | D:2      | XOM: give mutations
  4106 | D:2      | Gained mutation: You have hidden genetic defects. [Xom's
                  | mischief]
  4298 | D:1      | XOM: god gift: glowing scale mail {god gift}
  5078 | D:1      | XOM: cloud trail
  5170 | D:1      | XOM: god gift: book of Conjurations
  5509 | D:1      | XOM: god gift: 32 gold pieces
  6015 | D:1      | XOM: cloud trail
  8258 | D:1      | XOM is BORED!
  8258 | D:1      | XOM: silly message
  8391 | D:1      | XOM is BORED!
  9219 | D:1      | XOM: cloud trail
  9519 | D:1      | XOM: scenery: summon butterflies
  9840 | D:3      | Gained mutation: You sometimes lose your temper in combat.
                  | [hidden defects]
  9886 | D:3      | XOM: 1-stop teleportation journey
  9962 | D:3      | XOM: give mutation
  9962 | D:3      | Lost mutation: Armour fits poorly on your strangely shaped
                  | body. [Xom's mischief]
 10197 | D:3      | Quit the game

Illustrated notes

Levels and vault maps discovered:
D:1:      shiori_arrival_oz, layout_basic, dilly_ecumenical_altar_fadedgnrine,
          roderic_roman_lattice
D:2:      layout_basic, uniq_natasha
D:3:      layout_loops_ring, led_sif_pool, minmay_misc_feat_alley

Skill      XL: |  1  2  3  4 |
---------------+-------------+-----
Long Blades    | 3 |  3.4
Armour         | 2 |  2.1
Fighting       | |  3.3
Dodging        | |  2.5
Spellcasting   | |  0.7
Conjurations   | |  0.7
Hexes          | |  0.7
Summonings     | |  0.7
Necromancy     | |  0.7
Translocations | |  0.7
Fire Magic     | |  0.7
Ice Magic      | |  0.7
Air Magic      | |  0.7
Earth Magic    | |  0.7
Alchemy        | |  0.7

Action                     |  1- 3 |  4- 6 || total
---------------------------+-------+-------++-------
  Melee: Falchion          |    58 |    43 ||   101
         Headbutt          |     3 |     7 ||    10
   Stab: Sleeping          |     2 |     6 ||     8
         Paralysed         |     1 |       ||     1
         Confused          |       |     1 ||     1
         Petrifying        |       |     1 ||     1
 Armour: Leather armour    |    29 |    38 ||    67
  Dodge: Dodged            |    37 |    42 ||    79
